TOP OF THE 1ST |
New Orleans Looters batting - Pitching for Baffin Island Beavers : LHP Jaime Guzmán
|
Pitching: LHP Jaime Guzmán
|
|
Batting: RHB Francisco Ibarra
|
0-0: Foul Ball, location: 2F 0-1: Ball 1-1: Foul Ball, location: 2F 1-2: Strikes out looking
|
Batting: RHB Dave O'Loan
|
0-0: Called Strike 0-1: Ball 1-1: Foul Ball, location: 2F 1-2: Ball 2-2: Strikes out swinging
|
Batting: RHB Stephen Shaw
|
0-0: Ground out 6-3 (Groundball, 6)
|
Top of the 1st over - 0 run(s), 0 hit(s), 0 error(s), 0 left on base; New Orleans 0 - Baffin Island 0 |
BOTTOM OF THE 1ST |
Baffin Island Beavers batting - Pitching for New Orleans Looters : RHP Robbie Daniel
|
Pitching: RHP Robbie Daniel
|
|
Batting: LHB Chris Bates
|
0-0: Called Strike 0-1: Ball 1-1: TRIPLE (Line Drive, 9LM)
|
Batting: LHB Jeff Cole
|
0-0: Ball 1-0: Ball 2-0: Called Strike 2-1: Foul Ball, location: 2F 2-2: Ball 3-2: Base on Balls
|
Batting: SHB Alonso Ferreira
|
0-0: Ball 1-0: Ball 2-0: Ball 3-0: Base on Balls Jeff Cole to second
|
Batting: LHB Jerry Bryan
|
0-0: Ball 1-0: Swinging Strike 1-1: Swinging Strike 1-2: Foul Ball, location: 2F 1-2: Ball 2-2: Fly out, F9 (Flyball, 89XD) Runner from 3rd tags up, SCORES, no throw Jeff Cole to third
|
Batting: RHB Tony Morton
|
0-0: Ball 1-0: Ball 2-0: Called Strike 2-1: Ball 3-1: Foul Ball, location: 2F 3-2: Foul Ball, location: 2F 3-2: DOUBLE (Line Drive, 9LS) Jeff Cole scores Alonso Ferreira to third
|
Batting: LHB Keng-chi Lao
|
0-0: Ball 1-0: Fly out, F9 (Flyball, 9D) Runner from 3rd tags up, SCORES, no throw Tony Morton to third
|
Batting: RHB José García
|
0-0: Ball 1-0: Ball 2-0: SINGLE (Groundball, 6MD) Tony Morton scores
|
Batting: RHB Bryan Sandstrom
|
0-0: Ball Reached via error on a dropped throw, E1 José García to second
|
Batting: RHB Dave Craig
|
0-0: Called Strike 0-1: Ground out 4-3 (Groundball, 4)
|
Bottom of the 1st over - 4 run(s), 3 hit(s), 1 error(s), 2 left on base; New Orleans 0 - Baffin Island 4 |
TOP OF THE 2ND |
New Orleans Looters batting - Pitching for Baffin Island Beavers : LHP Jaime Guzmán
|
Batting: SHB Oliver Deleón
|
0-0: Ground out 4-3 (Groundball, 4)
|
Batting: RHB Jimmy Simon
|
0-0: Foul Ball, location: 2F 0-1: Called Strike 0-2: Fly out, F1 (Line Drive, 13)
|
Batting: RHB Luis Alou
|
0-0: Foul Ball, location: 2F 0-1: Foul Ball, location: 2F 0-2: Ground out 1-3 (Groundball, 23)
|
Top of the 2nd over - 0 run(s), 0 hit(s), 0 error(s), 0 left on base; New Orleans 0 - Baffin Island 4 |
BOTTOM OF THE 2ND |
Baffin Island Beavers batting - Pitching for New Orleans Looters : RHP Robbie Daniel
|
Batting: LHB Chris Bates
|
0-0: Foul Ball, location: 2F 0-1: Ball 1-1: Hit by Pitch
|
Batting: LHB Jeff Cole
|
0-0: Ground out 4-3 (Groundball, 4M) Chris Bates to second
|
Batting: SHB Alonso Ferreira
|
0-0: Ball 1-0: Ball 2-0: Called Strike 2-1: Called Strike 2-2: Foul Ball, location: 2F 2-2: SINGLE (Line Drive, 78S) Chris Bates to third
|
Batting: LHB Jerry Bryan
|
0-0: Ball 1-0: Called Strike 1-1: Called Strike 1-2: SINGLE (Groundball, 4MD) Chris Bates scores Alonso Ferreira to second Runner from 2nd tries for 3rd, OUT! Jerry Bryan to second
|
Batting: RHB Tony Morton
|
0-0: Ground out 6-3 (Groundball, 6)
|
Bottom of the 2nd over - 1 run(s), 2 hit(s), 0 error(s), 1 left on base; New Orleans 0 - Baffin Island 5 |
TOP OF THE 3RD |
New Orleans Looters batting - Pitching for Baffin Island Beavers : LHP Jaime Guzmán
|
Batting: LHB Taylor Smith
|
0-0: Called Strike 0-1: Ball 1-1: Ball 2-1: Ball 3-1: Swinging Strike 3-2: Fly out, F2 (Popup, 2LF)
|
Batting: RHB Dominic Turner
|
0-0: Foul Ball, location: 2F 0-1: SINGLE (Groundball, 34)
|
Batting: LHB Miguel Colón
|
0-0: Ball 1-0: Grounds into double play, 3-6-3 (Groundball, 3)
|
Top of the 3rd over - 0 run(s), 1 hit(s), 0 error(s), 0 left on base; New Orleans 0 - Baffin Island 5 |
BOTTOM OF THE 3RD |
Baffin Island Beavers batting - Pitching for New Orleans Looters : RHP Robbie Daniel
|
Batting: LHB Keng-chi Lao
|
0-0: Ground out 3-1 (Groundball, 34S)
|
Batting: RHB José García
|
0-0: Called Strike 0-1: Fly out, F8 (Flyball, 89M)
|
Batting: RHB Bryan Sandstrom
|
0-0: Called Strike 0-1: Ball 1-1: Called Strike 1-2: Ball 2-2: Strikes out swinging
|
Bottom of the 3rd over - 0 run(s), 0 hit(s), 0 error(s), 0 left on base; New Orleans 0 - Baffin Island 5 |
TOP OF THE 4TH |
New Orleans Looters batting - Pitching for Baffin Island Beavers : LHP Jaime Guzmán
|
Batting: RHB Francisco Ibarra
|
0-0: Foul Ball, location: 2F 0-1: Ball 1-1: Ball 2-1: Foul Ball, location: 2F 2-2: Ball 3-2: Base on Balls
|
Batting: RHB Dave O'Loan
|
0-0: Ball 1-0: Called Strike 1-1: Foul Ball, location: 2F 1-2: Fly out, F7 (Flyball, 78D)
|
Batting: RHB Stephen Shaw
|
0-0: Called Strike Throwing error on steal attempt, E2 Francisco Ibarra to third 0-1: Swinging Strike 0-2: Foul Ball, location: 2F 0-2: Strikes out looking
|
Batting: SHB Oliver Deleón
|
0-0: Fly out, F9 (Flyball, 89S)
|
Top of the 4th over - 0 run(s), 0 hit(s), 1 error(s), 1 left on base; New Orleans 0 - Baffin Island 5 |
BOTTOM OF THE 4TH |
Baffin Island Beavers batting - Pitching for New Orleans Looters : RHP Robbie Daniel
|
Batting: RHB Dave Craig
|
0-0: Ball 1-0: Fly out, F7 (Flyball, 7M)
|
Batting: LHB Chris Bates
|
0-0: SINGLE (Line Drive, 56D)
|
Batting: LHB Jeff Cole
|
0-0: Ball 1-0: Ball 2-0: Ball 3-0: Called Strike 3-1: Called Strike Chris Bates is caught stealing 2nd base 3-2: Foul Ball, location: 2F 3-2: Ground out 6-3 (Groundball, 6)
|
Bottom of the 4th over - 0 run(s), 1 hit(s), 0 error(s), 0 left on base; New Orleans 0 - Baffin Island 5 |
TOP OF THE 5TH |
New Orleans Looters batting - Pitching for Baffin Island Beavers : LHP Jaime Guzmán
|
Batting: RHB Jimmy Simon
|
0-0: Foul Ball, location: 2F 0-1: Ball 1-1: Foul Ball, location: 2F 1-2: Ground out 3-1 (Groundball, 3)
|
Batting: RHB Luis Alou
|
0-0: Ball 1-0: Fly out, F3 (Popup, 3F)
|
Batting: LHB Taylor Smith
|
0-0: Ball 1-0: Foul Ball, location: 2F 1-1: Ball 2-1: Ground out 6-3 (Groundball, 6)
|
Top of the 5th over - 0 run(s), 0 hit(s), 0 error(s), 0 left on base; New Orleans 0 - Baffin Island 5 |
BOTTOM OF THE 5TH |
Baffin Island Beavers batting - Pitching for New Orleans Looters : RHP Robbie Daniel
|
Batting: SHB Alonso Ferreira
|
0-0: Called Strike 0-1: Ground out 4-3 (Groundball, 4)
|
Batting: LHB Jerry Bryan
|
0-0: Foul Ball, location: 2F 0-1: Foul Ball, location: 2F 0-2: Ball 1-2: Fly out, F4 (Popup, 4M)
|
Batting: RHB Tony Morton
|
0-0: Ball 1-0: Ball 2-0: Ground out 4-3 (Groundball, 4M)
|
Bottom of the 5th over - 0 run(s), 0 hit(s), 0 error(s), 0 left on base; New Orleans 0 - Baffin Island 5 |
TOP OF THE 6TH |
New Orleans Looters batting - Pitching for Baffin Island Beavers : LHP Jaime Guzmán
|
Batting: RHB Dominic Turner
|
0-0: Swinging Strike 0-1: Ball 1-1: Foul Ball, location: 2F 1-2: Strikes out swinging
|
Batting: LHB Miguel Colón
|
0-0: Ball 1-0: Foul Ball, location: 2F 1-1: Foul Ball, location: 2F 1-2: Ground out 6-3 (Groundball, 6)
|
Batting: RHB Francisco Ibarra
|
0-0: Ball 1-0: Swinging Strike 1-1: Ball 2-1: Ball 3-1: Ground out U3 (Groundball, 3S)
|
Top of the 6th over - 0 run(s), 0 hit(s), 0 error(s), 0 left on base; New Orleans 0 - Baffin Island 5 |
BOTTOM OF THE 6TH |
Baffin Island Beavers batting - Pitching for New Orleans Looters : RHP Robbie Daniel
|
Batting: LHB Keng-chi Lao
|
0-0: Ball 1-0: Ball 2-0: Called Strike 2-1: Fly out, F8 (Popup, 6MD)
|
Batting: RHB José García
|
0-0: Foul Ball, location: 2F 0-1: Foul Ball, location: 2F 0-2: Ball 1-2: Fly out, F9 (Flyball, 9LMF)
|
Batting: RHB Bryan Sandstrom
|
0-0: Called Strike 0-1: SINGLE (Flyball, 89S)
|
Batting: RHB Dave Craig
|
0-0: Ball 1-0: Ball 2-0: Called Strike 2-1: Foul Ball, location: 2F 2-2: Ball 3-2: Fly out, F7 (Line Drive, 78D)
|
Bottom of the 6th over - 0 run(s), 1 hit(s), 0 error(s), 1 left on base; New Orleans 0 - Baffin Island 5 |
TOP OF THE 7TH |
New Orleans Looters batting - Pitching for Baffin Island Beavers : LHP Jaime Guzmán
|
Batting: RHB Dave O'Loan
|
0-0: Ball 1-0: SINGLE (Line Drive, 56)
|
Batting: RHB Stephen Shaw
|
0-0: Ball 1-0: Ball 2-0: Fly out, F3 (Popup, 3D)
|
Batting: SHB Oliver Deleón
|
0-0: Ball 1-0: Foul Ball, location: 2F 1-1: Called Strike 1-2: Foul Ball, location: 2F 1-2: Strikes out looking
|
Batting: RHB Jimmy Simon
|
0-0: Fielders Choice at 2nd, U6 (Groundball, 6M)
|
Top of the 7th over - 0 run(s), 1 hit(s), 0 error(s), 1 left on base; New Orleans 0 - Baffin Island 5 |
BOTTOM OF THE 7TH |
Baffin Island Beavers batting - Pitching for New Orleans Looters : RHP Robbie Daniel
|
Pitching: RHP Rich Townsley
|
|
Batting: LHB Chris Bates
|
0-0: Ground out 6-3 (Groundball, 6M)
|
Batting: LHB Jeff Cole
|
0-0: Ball 1-0: Swinging Strike 1-1: Ball 2-1: Ball 3-1: Base on Balls
|
Batting: SHB Alonso Ferreira
|
Pickoff Throw to First - Out! 0-0: Ball 1-0: Ball 2-0: Called Strike 2-1: Ball 3-1: Base on Balls
|
Batting: LHB Jerry Bryan
|
0-0: Called Strike 0-1: Ground out 2-3 (Groundball, 2R)
|
Bottom of the 7th over - 0 run(s), 0 hit(s), 0 error(s), 1 left on base; New Orleans 0 - Baffin Island 5 |
TOP OF THE 8TH |
New Orleans Looters batting - Pitching for Baffin Island Beavers : LHP Jaime Guzmán
|
Batting: RHB Luis Alou
|
0-0: Called Strike 0-1: Foul Ball, location: 2F 0-2: Ball 1-2: Ball 2-2: Ball 3-2: Foul Ball, location: 2F 3-2: Strikes out looking
|
Batting: LHB Taylor Smith
|
0-0: Called Strike 0-1: Swinging Strike 0-2: Foul Ball, location: 2F 0-2: Ground out 6-3 (Groundball, 6)
|
Batting: RHB Dominic Turner
|
0-0: Ball 1-0: Fly out, F9 (Flyball, 9S)
|
Top of the 8th over - 0 run(s), 0 hit(s), 0 error(s), 0 left on base; New Orleans 0 - Baffin Island 5 |
BOTTOM OF THE 8TH |
Baffin Island Beavers batting - Pitching for New Orleans Looters : RHP Rich Townsley
|
Batting: RHB Tony Morton
|
0-0: Ball 1-0: Called Strike 1-1: Foul Ball, location: 2F 1-2: Ground out 4-3 (Groundball, 34)
|
Batting: LHB Keng-chi Lao
|
0-0: Ball 1-0: Ball 2-0: Ground out 4-3 (Groundball, 4M)
|
Batting: RHB José García
|
0-0: Ball 1-0: Ball 2-0: Ball 3-0: Called Strike 3-1: Ground out 5-3 (Groundball, 5S)
|
Bottom of the 8th over - 0 run(s), 0 hit(s), 0 error(s), 0 left on base; New Orleans 0 - Baffin Island 5 |
TOP OF THE 9TH |
New Orleans Looters batting - Pitching for Baffin Island Beavers : LHP Jaime Guzmán
|
Pitching: LHP Manny Sandoval
|
|
Batting: LHB Miguel Colón
|
0-0: Ball 1-0: Ball 2-0: Ball 3-0: Base on Balls
|
Batting: RHB Francisco Ibarra
|
0-0: Foul Ball, location: 2F 0-1: Ball 1-1: Ball 2-1: Ball 3-1: Base on Balls Miguel Colón to second
|
Batting: RHB Dave O'Loan
|
0-0: Ball 1-0: Ball 2-0: Grounds into double play, 6-4-3 (Groundball, 6) Miguel Colón to third
|
Batting: RHB Stephen Shaw
|
0-0: Ball 1-0: Swinging Strike 1-1: Ball 2-1: Swinging Strike 2-2: Ball 3-2: Strikes out swinging
|
Top of the 9th over - 0 run(s), 0 hit(s), 0 error(s), 1 left on base; New Orleans 0 - Baffin Island 5 |
|